[Event "Titled Tuesday Blitz June 20 Early 2023"]
[White "Ritvin, Stanislav"]
[Black "Lehtosaari, Mauri"]
[WhiteFideId "2011751"]
[BlackFideId "501999"]
[WhiteElo "2386"]
[BlackElo "2505"]
[Result "0-1"]
[Round "8"]
[TimeControl "180+2"]
[Date "2023.06.20"]
[WhiteClock "0:00:30"]
[BlackClock "0:00:10"]
[Board "123"]

1. d4 d5 2. c4 c6 3. Nc3 Nf6 4. Nf3 dxc4 5. a4 Bf5 6. e3 e6 7. Bxc4 Bb4 8. O-O O-O 9. Qe2 Bg6 10. e4 Bxc3 11. bxc3 Nxe4 12. Qb2 Qb6 13. Qa3 Qa5 14. Qb3 Qxc3 15. Qxb7 Qxa1 16. Qxa8 Qxa4 17. Bd3 Nd7 18. Qb7 Ndf6 19. Bf4 h6 20. Be5 Bh5 21. Rc1 Bxf3 22. gxf3 Ng5 23. Be2 Qa2 24. Kf1 Nd5 25. Qxc6 a5 26. h4 Nh7 27. Bd6 Rd8 28. Bc4 Qd2 29. Bxd5 exd5 30. Qc8 Rxc8 31. Rxc8+ Nf8 32. Bxf8 Kh7 33. Bc5 a4 34. Ra8 Qd3+ 35. Kg2 Qb5 36. Ra7 Kg6 37. Kg3 h5 38. Kg2 Qc4 39. Kg3 f6 40. Kg2 Qb3 41. Bf8 Kf5 42. Bxg7 a3 43. Bf8 a2 44. Be7 Qb2 45. Ra6 Qxd4 0-1


[Site "https://www.chess.com"]

[Event "Titled Tuesday Blitz June 20 Early 2023"]
[White "Kochiev, Ivan"]
[Black "Petrova, Irina"]
[WhiteFideId "2917890"]
[BlackFideId "14124122"]
[WhiteElo "2287"]
[BlackElo "2084"]
[Result "1/2-1/2"]
[Round "8"]
[TimeControl "180+2"]
[Date "2023.06.20"]
[WhiteClock "0:00:07"]
[BlackClock "0:00:09"]
[Board "124"]

1. e4 d6 2. d4 Nf6 3. Bd3 e5 4. c3 d5 5. dxe5 Nxe4 6. Nd2 Nc5 7. Bc2 Be7 8. Ngf3 Nc6 9. O-O Bg4 10. h3 Bh5 11. Re1 Bg6 12. Nb3 Ne6 13. Nbd4 Ncxd4 14. cxd4 Bxc2 15. Qxc2 O-O 16. Bd2 c6 17. b4 Qb6 18. Qc3 h6 19. a4 a6 20. a5 Qb5 21. Rec1 f6 22. exf6 Bxf6 23. Be3 Rae8 24. Ne1 Ng5 25. Nd3 Ne4 26. Qc2 Bh4 27. Ne5 Bxf2+ 28. Bxf2 Rxf2 29. Qd1 Ref8 30. Qg4 Qe2 31. Qe6+ Kh7 32. Qg6+ Kh8 33. Ra3 Ng5 34. Rg3 Rf1+ 35. Rxf1 Qxf1+ 36. Kh2 Qf4 37. Qd3 Kg8 38. Ng6 Qb8 39. Nxf8 Kxf8 40. Kg1 Ne4 41. Rf3+ Kg8 42. Qe3 Qd6 43. Qf4 Qxb4 44. Qf7+ Kh7 45. Qf5+ Kg8 46. Qc8+ Kh7 47. Rf8 Qe1+ 48. Kh2 Qg3+ 49. Kg1 Qe1+ 50. Rf1 Qe3+ 51. Kh2 Qxd4 52. Qxb7 Qe5+ 53. Kg1 Qd4+ 54. Kh2 Qe5+ 55. Kg1 Qd4+ 56. Kh2 1/2-1/2


[Site "https://www.chess.com"]

[Event "Titled Tuesday Blitz June 20 Early 2023"]
[White "Liu, Casper"]
[Black "Mazurkiewicz, Michal"]
[WhiteFideId "1454153"]
[BlackFideId "1124943"]
[WhiteElo "2221"]
[BlackElo "2063"]
[Result "1-0"]
[Round "8"]
[TimeControl "180+2"]
[Date "2023.06.20"]
[WhiteClock "0:02:15"]
[BlackClock "0:00:00"]
[Board "125"]

1. e4 d6 2. d4 Nf6 3. Bd3 e5 4. dxe5 dxe5 5. Nf3 Bd6 6. O-O O-O 7. Qe2 b6 8. Bg5 Bb7 9. Nc3 Nbd7 10. Rad1 h6 11. Bh4 Be7 12. Bb5 c6 13. Nxe5 cxb5 14. Bxf6 Bxf6 15. Nxd7 Re8 16. e5 Qe7 17. Qg4 Bxe5 18. Rfe1 f6 19. Nxe5 fxe5 20. Rd7 Bc8 21. Rxe7 Bxg4 22. Rxe8+ Rxe8 23. Nxb5 Re7 24. f3 Bf5 25. Nd4 Bg6 26. Nc6 Rc7 27. Nxe5 Bxc2 28. Rc1 Rc5 29. Kf2 Rxe5 30. Rxc2 Kf7 31. Rc7+ Re7 32. Rxe7+ Kxe7 33. g4 Kf6 34. f4 Ke6 35. Ke3 Kd5 36. h4 b5 37. g5 a6 38. b4 1-0


[Site "https://www.chess.com"]

[Event "Titled Tuesday Blitz June 20 Early 2023"]
[White "Alahakoon, Isuru"]
[Black "Bilan, Danila"]
[WhiteFideId "9900993"]
[BlackFideId "24161918"]
[WhiteElo "1819"]
[BlackElo "2146"]
[Result "1-0"]
[Round "8"]
[TimeControl "180+2"]
[Date "2023.06.20"]
[WhiteClock "0:00:15"]
[BlackClock "0:00:02"]
[Board "126"]

1. Nf3 d5 2. e3 Nf6 3. c4 c6 4. d4 e6 5. Nbd2 Nbd7 6. b3 Bd6 7. Bb2 Qe7 8. Bd3 e5 9. dxe5 Nxe5 10. Nxe5 Bxe5 11. Bxe5 Qxe5 12. O-O O-O 13. cxd5 Nxd5 14. Nf3 Qf6 15. Bc4 Nc3 16. Qd4 b5 17. Qxf6 gxf6 18. Bd3 c5 19. Rac1 b4 20. Bc4 Be6 21. Ba6 Rfd8 22. Rc2 Bf5 23. Rb2 Rd6 24. Bc4 a5 25. Rc1 Rad8 26. h3 Rd1+ 27. Rxd1 Rxd1+ 28. Kh2 a4 29. bxa4 Nxa4 30. Rd2 Rxd2 31. Nxd2 Nb6 32. Bb3 Be6 33. Kg3 c4 34. Bc2 c3 35. Nb3 Nc4 36. Nc1 Nd2 37. f3 Kg7 38. Kf2 Bc4 39. e4 f5 40. exf5 Kf6 41. Ke3 Ke5 42. Bb3 Bf1 43. g4 f6 44. f4+ Kd6 45. Nd3 Bxh3 46. Nf2 Bf1 47. Ne4+ Ke7 48. Nxd2 cxd2 49. Kxd2 Kd6 50. Ke3 Bh3 51. Kf3 h6 52. Kg3 Bf1 53. Kh4 Be2 54. Kh5 Ke7 55. Kh4 Bf3 56. g5 hxg5+ 57. fxg5 fxg5+ 58. Kxg5 Kf8 59. f6 Ke8 60. Kf4 Kf8 61. Kxf3 1-0


[Site "https://www.chess.com"]

[Event "Titled Tuesday Blitz June 20 Early 2023"]
[White "Spichkin, Alexander"]
[Black "Aggelis, Nikolaos"]
[WhiteFideId "4144074"]
[BlackFideId "4213220"]
[WhiteElo "1986"]
[BlackElo "2189"]
[Result "0-1"]
[Round "8"]
[TimeControl "180+2"]
[Date "2023.06.20"]
[WhiteClock "0:00:16"]
[BlackClock "0:00:11"]
[Board "127"]

1. f4 e5 2. e4 exf4 3. Nf3 d5 4. exd5 Bd6 5. c4 c6 6. d4 cxd5 7. Nc3 Nf6 8. Qb3 O-O 9. cxd5 Re8+ 10. Be2 Nbd7 11. O-O Nf8 12. Ne5 Ng6 13. Bb5 Bxe5 14. Bxe8 Bxd4+ 15. Kh1 Qxe8 16. Nb5 Bb6 17. Bxf4 Nxf4 18. Rxf4 Bd7 19. a4 Bxb5 20. axb5 Qe5 21. Raf1 Re8 22. Qf3 Bc7 23. Rh4 Qxd5 24. Qxd5 Nxd5 25. Rd4 Nf6 26. h3 Be5 27. Rc4 Bxb2 28. Rc7 Bd4 29. Rd1 Bb6 30. Rxb7 h5 31. Kh2 h4 32. Rd2 Re1 33. g3 hxg3+ 34. Kg2 Rg1+ 35. Kf3 Rf1+ 36. Kg2 Rf2+ 37. Rxf2 gxf2 38. h4 g6 39. Rb8+ Kg7 40. Rc8 Nd5 41. Rc1 Ne7 42. Kf3 Nf5 43. Rh1 Nxh4+ 44. Ke2 Nf5 45. Rh3 Nd6 46. Rd3 Nxb5 47. Rb3 Nd6 48. Rd3 Nf5 49. Rb3 g5 50. Kf1 Kg6 51. Kg2 f6 52. Rf3 g4 53. Rb3 Kg5 54. Rb5 Kg6 55. Rb3 Nh4+ 56. Kf1 Nf3 57. Rb2 f5 58. Kg2 Kg5 59. Rb1 Nd2 60. Rh1 f1=Q+ 61. Rxf1 Nxf1 62. Kxf1 a5 63. Ke2 a4 64. Kd3 a3 65. Kc3 g3 66. Kb3 g2 67. Kxa3 g1=Q 68. Kb4 Qd4+ 69. Kb3 Qc5 70. Kb2 Qc4 71. Ka3 Qb5 72. Ka2 Qb4 73. Ka1 Bd4+ 74. Ka2 Qb2# 0-1


[Site "https://www.chess.com"]

[Event "Titled Tuesday Blitz June 20 Early 2023"]
[White "Khamdamova, Afruza"]
[Black "Dwilewicz, Katarzyna"]
[WhiteFideId "14210444"]
[BlackFideId "1148486"]
[WhiteElo "2312"]
[BlackElo "2098"]
[Result "1-0"]
[Round "8"]
[TimeControl "180+2"]
[Date "2023.06.20"]
[WhiteClock "0:00:37"]
[BlackClock "0:00:04"]
[Board "128"]

1. e4 c5 2. Nf3 e6 3. d4 cxd4 4. Nxd4 a6 5. Bd3 Bc5 6. Nb3 Ba7 7. O-O Nc6 8. c4 Nf6 9. Nc3 O-O 10. Bg5 h6 11. Bh4 d6 12. Qe2 Ne5 13. Bc2 Bd7 14. Kh1 Rc8 15. Nd2 Ng6 16. Bg3 e5 17. Nf3 Nh5 18. Rfd1 Bg4 19. Nd5 Nhf4 20. Bxf4 exf4 21. h3 Bh5 22. b3 Ne5 23. Kh2 Bxf3 24. gxf3 Qh4 25. Rd2 Kh7 26. Rg1 b5 27. cxb5 axb5 28. Bb1 Rfe8 29. Nb4 Re6 30. Nd3 Bd4 31. Nxe5 dxe5 32. Rg4 Qh5 33. Bc2 b4 34. Bd3 Rc1 35. Bc4 Rf6 36. Kg2 Ra1 37. Rd1 Rxd1 38. Qxd1 Rd6 39. Qc2 Bc3 40. Bd5 Kh8 41. Qd3 Bd4 42. Qc4 Rf6 43. Qc8+ Kh7 44. Qf8 Bc3 45. Qxg7# 1-0


[Site "https://www.chess.com"]

[Event "Titled Tuesday Blitz June 20 Early 2023"]
[White "Bueno, Alfeu Junior Varela"]
[Black "Delorme, Axel"]
[WhiteFideId "2108879"]
[BlackFideId "632023"]
[WhiteElo "2175"]
[BlackElo "2478"]
[Result "0-1"]
[Round "8"]
[TimeControl "180+2"]
[Date "2023.06.20"]
[WhiteClock "0:00:22"]
[BlackClock "0:00:11"]
[Board "129"]

1. e4 c5 2. Nc3 a6 3. g3 b5 4. Bg2 Bb7 5. d3 e6 6. f4 d5 7. exd5 Nf6 8. Qe2 Nxd5 9. Nxd5 Bxd5 10. Nf3 Be7 11. O-O O-O 12. Ne5 Re8 13. f5 Bf6 14. Ng4 Bd4+ 15. Kh1 exf5 16. Ne3 Bxe3 17. Bxe3 Nc6 18. Rae1 Qd7 19. Qf2 Bxg2+ 20. Qxg2 Nd4 21. c3 Ne6 22. Rxf5 Qxd3 23. Qf2 f6 24. Bxc5 Nxc5 25. Rxc5 Rad8 26. Rc7 Rxe1+ 27. Qxe1 Qf3+ 28. Kg1 Rd1 29. Rc8+ Kf7 30. Rc7+ Kg6 31. Re7 Rxe1+ 32. Rxe1 h5 0-1


[Site "https://www.chess.com"]

[Event "Titled Tuesday Blitz June 20 Early 2023"]
[White "Reprintsev, Alexander"]
[Black "Ziatdinov, Raset"]
[WhiteFideId "14100541"]
[BlackFideId "2015323"]
[WhiteElo "2229"]
[BlackElo "2220"]
[Result "1/2-1/2"]
[Round "8"]
[TimeControl "180+2"]
[Date "2023.06.20"]
[WhiteClock "0:00:22"]
[BlackClock "0:00:22"]
[Board "130"]

1. e4 c5 2. b3 Nc6 3. Bb2 Nf6 4. e5 Nd5 5. Nf3 e6 6. g3 Be7 7. c4 Nc7 8. Bg2 O-O 9. d4 cxd4 10. Nxd4 Bb4+ 11. Bc3 Qe7 12. Nxc6 dxc6 13. O-O Na6 14. a3 Bxc3 15. Nxc3 Rd8 16. Qc2 Nc5 17. Rad1 a5 18. Rxd8+ Qxd8 19. Rd1 Qc7 20. b4 axb4 21. axb4 Nd7 22. f4 Qb6+ 23. c5 Qxb4 24. Ne4 h6 25. h4 b6 26. cxb6 Qxb6+ 27. Kh2 Nf8 28. Nd6 Bd7 29. h5 Ra3 30. Rd2 Qe3 31. Ne4 Bc8 32. Re2 Qb6 33. Nc5 Ba6 34. Nxa6 Rxa6 35. Rd2 Ra3 36. Qe4 Qb3 37. Qe1 Qc3 38. Re2 c5 39. Qxc3 Rxc3 40. Ra2 g6 41. hxg6 Nxg6 42. Ra7 h5 43. Be4 h4 44. Bxg6 hxg3+ 45. Kg2 fxg6 46. Re7 Re3 47. Rxe6 Kf7 48. Rf6+ Kg7 49. Rc6 Rc3 50. Rc7+ Kf8 51. e6 Re3 52. Rxc5 Ke7 53. Re5 Rxe5 54. fxe5 Kxe6 55. Kxg3 Kxe5 56. Kg4 Kf6 57. Kf4 1/2-1/2


[Site "https://www.chess.com"]

[Event "Titled Tuesday Blitz June 20 Early 2023"]
[White "Rios Escobar, Adan"]
[Black "Kuzmin, Ilya"]
[WhiteFideId "3403645"]
[BlackFideId "4153863"]
[WhiteElo "2486"]
[BlackElo "2093"]
[Result "0-1"]
[Round "8"]
[TimeControl "180+2"]
[Date "2023.06.20"]
[WhiteClock "0:00:09"]
[BlackClock "0:00:21"]
[Board "131"]

1. d4 Nf6 2. g3 c5 3. Bg2 cxd4 4. Nf3 e5 5. O-O Nc6 6. e3 dxe3 7. Bxe3 d5 8. Re1 Be7 9. Bg5 e4 10. Nd4 O-O 11. c4 h6 12. Bf4 Nxd4 13. Qxd4 dxc4 14. Qxc4 Be6 15. Qa4 Qb6 16. Nc3 Qxb2 17. Be5 Qb4 18. Bxf6 Qxa4 19. Nxa4 Bxf6 20. Rab1 Rab8 21. Bxe4 b6 22. Nb2 Bxa2 23. Ra1 Be6 24. Re2 a5 25. Ra3 Rfd8 26. Kg2 Rd4 27. f3 Rbd8 28. Na4 Rd2 29. Re3 Rxe2+ 30. Rxe2 Rb8 31. Bd3 b5 32. Nc5 Bc4 33. Nd7 Bxd3 34. Rd2 Rb7 35. Rxd3 b4 36. Nc5 Rb5 37. Ne4 b3 38. Nd6 b2 39. Nxb5 b1=Q 40. Rd5 Qa2+ 41. Kh3 Qxd5 42. Nc7 Qd7+ 0-1


[Site "https://www.chess.com"]

[Event "Titled Tuesday Blitz June 20 Early 2023"]
[White "Jiganchine, Roman"]
[Black "Papayan, Oleg"]
[WhiteFideId "2603667"]
[BlackFideId "4193911"]
[WhiteElo "2329"]
[BlackElo "2167"]
[Result "1-0"]
[Round "8"]
[TimeControl "180+2"]
[Date "2023.06.20"]
[WhiteClock "0:00:01"]
[BlackClock "0:00:00"]
[Board "132"]

1. e4 e5 2. Nf3 Nc6 3. Nc3 Nf6 4. Bb5 Nd4 5. O-O Nxb5 6. Nxb5 c6 7. Nc3 d6 8. d4 Qc7 9. h3 Be7 10. Bg5 O-O 11. a4 a5 12. Qd3 b6 13. Rfd1 Ba6 14. Qd2 Rfe8 15. Bxf6 Bxf6 16. d5 c5 17. Ne2 g6 18. Ng3 Bg7 19. h4 Rf8 20. h5 f5 21. h6 Bh8 22. exf5 e4 23. Ng5 Bxb2 24. fxg6 Bxa1 25. gxh7+ Kh8 26. Rxa1 Qe7 27. Re1 e3 28. Qc3+ Qf6 29. Qxe3 Qxh6 30. Nh5 Qg6 31. Qc3+ Rf6 32. Qxf6+ Qxf6 33. Nxf6 Rf8 34. Re6 Bc8 35. Rxd6 Kg7 36. Rxb6 Bf5 37. g4 Bxc2 38. Nd7 1-0


[Site "https://www.chess.com"]

[Event "Titled Tuesday Blitz June 20 Early 2023"]
[White "Antonio, Jorge Carlos"]
[Black "Morgunov, Anatoly"]
[WhiteFideId "113190"]
[BlackFideId "4145909"]
[WhiteElo "2247"]
[BlackElo "2237"]
[Result "0-1"]
[Round "8"]
[TimeControl "180+2"]
[Date "2023.06.20"]
[WhiteClock "0:00:03"]
[BlackClock "0:00:53"]
[Board "133"]

1. d4 e6 2. Nf3 Nf6 3. Bf4 d5 4. e3 c5 5. c3 Bd6 6. Ne5 Nc6 7. Nxc6 bxc6 8. Bxd6 Qxd6 9. Nd2 O-O 10. Nf3 a5 11. Ne5 Nd7 12. f4 f6 13. Nxd7 Bxd7 14. Be2 e5 15. O-O c4 16. g3 exf4 17. exf4 Bf5 18. Bg4 Bd3 19. Re1 Rfe8 20. Qd2 f5 21. Bh5 g6 22. Bf3 Be4 23. Kg2 a4 24. a3 Kg7 25. h4 Rab8 26. Bxe4 fxe4 27. Re3 Qe6 28. Qe2 h5 29. Rf1 Qf5 30. Rf2 Rb7 31. Qf1 Reb8 32. Qc1 Kh6 33. Kh2 Qg4 34. Kg2 Rb3 35. Ree2 Re8 36. Re3 Qf5 37. Qh1 Reb8 38. Ree2 e3 39. Rf3 Rxb2 40. Rxe3 Qg4 41. Qf1 R8b3 42. Qf3 Rxe2+ 43. Rxe2 Qxf3+ 44. Kxf3 Rxc3+ 45. Kg2 Rxa3 46. Re6 Kg7 47. Rxc6 Rd3 48. Rc7+ Kf6 49. Rc6+ Kf5 50. Ra6 a3 51. Ra5 Ke4 52. Ra6 Rd2+ 53. Kh3 a2 54. Rxg6 a1=Q 55. Re6+ Kxd4 56. f5 Qh1# 0-1


[Site "https://www.chess.com"]

[Event "Titled Tuesday Blitz June 20 Early 2023"]
[White "Zheenbekov, Nurgazy"]
[Black "Fudalej, Michal"]
[WhiteFideId "13800485"]
[BlackFideId "1118781"]
[WhiteElo "1975"]
[BlackElo "2088"]
[Result "0-1"]
[Round "8"]
[TimeControl "180+2"]
[Date "2023.06.20"]
[WhiteClock "0:00:00"]
[BlackClock "0:00:21"]
[Board "134"]

1. e4 c6 2. d4 d5 3. e5 g6 4. f4 Bg7 5. Nc3 Nh6 6. Be2 O-O 7. Nf3 f6 8. O-O Bg4 9. Be3 fxe5 10. dxe5 e6 11. h3 Bxf3 12. Bxf3 Nd7 13. Bf2 Rxf4 14. Bg3 Rf7 15. Qe2 Qg5 16. Bh2 Nxe5 17. Rae1 Nxf3+ 18. Rxf3 Rxf3 19. Qxf3 Re8 20. Ne2 Qd2 21. Bg3 e5 22. Kh2 e4 23. Qf2 Qxc2 24. Qxa7 Qxb2 25. Qc5 Nf5 26. Bf4 Qxa2 27. Qb6 Qa6 28. Qc7 d4 29. Qd7 Qa8 30. Ng3 Nxg3 31. Bxg3 Qc8 32. Qd6 d3 33. Rf1 Qe6 34. Qc7 e3 35. Qxb7 e2 36. Rb1 d2 0-1


[Site "https://www.chess.com"]

[Event "Titled Tuesday Blitz June 20 Early 2023"]
[White "Tuleyeva-Aketayeva, Dana"]
[Black "Rizzo, Tobias"]
[WhiteFideId "13701932"]
[BlackFideId "30942691"]
[WhiteElo "2030"]
[BlackElo "2475"]
[Result "0-1"]
[Round "8"]
[TimeControl "180+2"]
[Date "2023.06.20"]
[WhiteClock "0:00:15"]
[BlackClock "0:00:56"]
[Board "135"]

1. d4 Nf6 2. Nf3 g6 3. g3 Bg7 4. Bg2 O-O 5. O-O d5 6. c4 c6 7. Nc3 dxc4 8. Ne5 Be6 9. e4 Nfd7 10. f4 b5 11. Nxb5 cxb5 12. d5 Nxe5 13. fxe5 Bc8 14. e6 fxe6 15. Rxf8+ Bxf8 16. e5 Bb7 17. a4 b4 18. Bf4 Bxd5 19. Rc1 Nc6 20. Kh1 Bxg2+ 21. Kxg2 Qxd1 22. Rxd1 Rd8 23. Rc1 Rd4 24. Kf3 Na5 25. Ke3 Rd3+ 26. Ke2 Kf7 27. Rf1 Ke8 28. Be3 Bg7 29. Bxa7 Bxe5 30. Bb6 Nc6 31. a5 Bxb2 32. Rf4 Bd4 33. Bc7 e5 34. Rf1 Kd7 35. Bb6 Bxb6 36. axb6 Nd4+ 37. Kf2 Rf3+ 38. Kg2 Rxf1 39. Kxf1 Kc6 0-1


[Site "https://www.chess.com"]

[Event "Titled Tuesday Blitz June 20 Early 2023"]
[White "Gomez Barrera, Javiera Belen"]
[Black "Sanchez, Robert"]
[WhiteFideId "3418723"]
[BlackFideId "2034360"]
[WhiteElo "2119"]
[BlackElo "2028"]
[Result "1-0"]
[Round "8"]
[TimeControl "180+2"]
[Date "2023.06.20"]
[WhiteClock "0:00:24"]
[BlackClock "0:00:07"]
[Board "136"]

1. e4 e6 2. d4 d5 3. Nc3 Nf6 4. e5 Nfd7 5. Nce2 c5 6. c3 Nc6 7. Nf3 Be7 8. h4 a5 9. a3 cxd4 10. cxd4 a4 11. Nf4 Nb6 12. Bd3 Bd7 13. Nd2 Na5 14. Qg4 g6 15. h5 g5 16. Ne2 h6 17. O-O Rc8 18. Re1 Nac4 19. Nxc4 Nxc4 20. Nc3 Qb6 21. Rb1 Qa5 22. Bxc4 Rxc4 23. Bd2 Qb6 24. Be3 Qb3 25. Qe2 Qb6 26. Qd2 Qd8 27. b3 axb3 28. Rxb3 O-O 29. Nb5 Bxb5 30. Rxb5 Bxa3 31. Rxb7 Qc8 32. Rb3 Be7 33. Reb1 Rc2 34. Qd1 Qc4 35. Qf3 Qe2 36. Qxe2 Rxe2 37. Rb7 Re8 38. Ra1 Kf8 39. Raa7 Rc2 40. f4 g4 41. f5 Bg5 42. Rxf7+ Kg8 43. Rg7+ Kh8 44. Rh7+ Kg8 45. Rag7+ Kf8 46. Bxg5 hxg5 47. f6 1-0


[Site "https://www.chess.com"]

[Event "Titled Tuesday Blitz June 20 Early 2023"]
[White "Cueto, Jonny"]
[Black "Dixit, Nikhil"]
[WhiteFideId "3300145"]
[BlackFideId "5059534"]
[WhiteElo "2240"]
[BlackElo "2207"]
[Result "1-0"]
[Round "8"]
[TimeControl "180+2"]
[Date "2023.06.20"]
[WhiteClock "0:00:04"]
[BlackClock "0:00:10"]
[Board "137"]

1. d4 Nf6 2. Bf4 g6 3. Nc3 d5 4. e3 Bg7 5. h4 h5 6. Be2 O-O 7. Nf3 c5 8. Nb5 Nc6 9. c3 Ne4 10. O-O a6 11. Na3 Bg4 12. dxc5 Nxc5 13. Bh2 e5 14. Rc1 e4 15. Nd4 Bxe2 16. Nxe2 Nd3 17. Rc2 Qxh4 18. Nc1 Nxc1 19. Rxc1 Rad8 20. Nc2 Qg5 21. Bf4 Qf5 22. Nd4 Nxd4 23. cxd4 Rc8 24. Qb3 h4 25. Qxb7 h3 26. gxh3 Rxc1 27. Rxc1 Bxd4 28. Bd6 Be5 29. Bxf8 Qxh3 30. Qc8 Bh2+ 31. Kh1 Qf3+ 32. Kxh2 Qxf2+ 33. Kh1 Qf3+ 34. Kg1 Qxe3+ 35. Kf1 Qf3+ 36. Ke1 Qe3+ 37. Kf1 Qf3+ 38. Kg1 e3 39. Bd6+ Kh7 40. Rc2 Qd1+ 41. Kh2 e2 42. Qh3+ Kg7 43. Be5+ Kf8 44. Rc8+ Ke7 45. Qh4+ Ke6 46. Qf6+ Kd7 47. Qd6+ Kxc8 48. Qc7# 1-0


[Site "https://www.chess.com"]

[Event "Titled Tuesday Blitz June 20 Early 2023"]
[White "Manukian, Artak"]
[Black "Samaganova, Aleksandra"]
[WhiteFideId "13301373"]
[BlackFideId "13800221"]
[WhiteElo "2130"]
[BlackElo "1858"]
[Result "1-0"]
[Round "8"]
[TimeControl "180+2"]
[Date "2023.06.20"]
[WhiteClock "0:00:13"]
[BlackClock "0:00:00"]
[Board "138"]

1. e4 c5 2. Nf3 e6 3. c3 Nf6 4. e5 Nd5 5. d4 cxd4 6. cxd4 d6 7. Nc3 Nxc3 8. bxc3 dxe5 9. Nxe5 Bd6 10. Bb5+ Bd7 11. Nxd7 Nxd7 12. O-O O-O 13. a4 Nf6 14. Bg5 Be7 15. Qf3 h6 16. Bh4 a6 17. Bd3 Nd5 18. Qe4 g6 19. Bxe7 Qxe7 20. c4 Nb4 21. Be2 Qc7 22. h4 h5 23. Rfd1 Rfd8 24. d5 e5 25. Rac1 b6 26. a5 Rac8 27. axb6 Qxb6 28. Qxe5 Qc5 29. Qg5 Kh7 30. Rc3 Rd6 31. Rf3 Rc7 32. Rf4 a5 33. Bxh5 gxh5 34. Qxh5+ Rh6 35. Rxf7+ Rxf7 36. Qxf7+ Kh8 37. Re1 Qc8 38. Re8+ Qxe8 39. Qxe8+ Kg7 40. Qe5+ Kh7 41. d6 Nc6 42. Qe4+ Rg6 43. Qxc6 Kh6 44. Qd5 Rf6 45. d7 1-0


[Site "https://www.chess.com"]

[Event "Titled Tuesday Blitz June 20 Early 2023"]
[White "Balla, Tamas-Kristof"]
[Black "Ardila, Oscar Humberto"]
[WhiteFideId "1208497"]
[BlackFideId "4404742"]
[WhiteElo "2334"]
[BlackElo "1912"]
[Result "1-0"]
[Round "8"]
[TimeControl "180+2"]
[Date "2023.06.20"]
[WhiteClock "0:00:20"]
[BlackClock "0:00:05"]
[Board "139"]

1. e4 e5 2. Nf3 Nf6 3. Nxe5 d6 4. Nf3 Nxe4 5. Nc3 Nxc3 6. dxc3 Be7 7. Bc4 O-O 8. h4 Nd7 9. Ng5 Nf6 10. Be3 d5 11. Bd3 c5 12. Qd2 Re8 13. O-O-O Qa5 14. Kb1 b5 15. Rhe1 c4 16. Be2 b4 17. cxb4 Bxb4 18. c3 Bf5+ 19. Ka1 Be7 20. Bd4 h6 21. Nf3 Rab8 22. Ne5 Rb5 23. Nxc4 dxc4 24. Bxc4 Rbb8 25. f3 Qa4 26. b3 Qa3 27. g4 Bg6 28. g5 hxg5 29. Qxg5 Bc2 30. Rg1 g6 31. Bxf6 Bxd1 32. Qxg6+ Kf8 33. Qg7# 1-0


[Site "https://www.chess.com"]

[Event "Titled Tuesday Blitz June 20 Early 2023"]
[White "Matveeva, Olga"]
[Black "Sarkar, Justin"]
[WhiteFideId "24107018"]
[BlackFideId "2010011"]
[WhiteElo "2009"]
[BlackElo "2151"]
[Result "1-0"]
[Round "8"]
[TimeControl "180+2"]
[Date "2023.06.20"]
[WhiteClock "0:00:28"]
[BlackClock "0:00:00"]
[Board "140"]

1. d4 Nf6 2. c4 e6 3. g3 d5 4. Nf3 Bb4+ 5. Bd2 Be7 6. Bg2 O-O 7. O-O c6 8. Qc2 Nbd7 9. Rd1 b6 10. Bf4 Nh5 11. Bc1 Nhf6 12. Ne5 Bb7 13. Nc3 Rc8 14. e4 dxc4 15. Nxc4 b5 16. Ne3 b4 17. Na4 c5 18. dxc5 Qc7 19. Bd2 Nxc5 20. Nxc5 Bxc5 21. Rac1 Qb6 22. Qb1 Rfd8 23. e5 Rxd2 24. Rxd2 Bxe3 25. Rxc8+ Bxc8 26. Qc2 Bc5 27. exf6 gxf6 28. Qc4 Ba6 29. Qg4+ Kf8 30. Qf4 Qb5 31. Qxf6 Qf1+ 32. Bxf1 1-0


[Site "https://www.chess.com"]

[Event "Titled Tuesday Blitz June 20 Early 2023"]
[White "Kohler, Aran"]
[Black "Buchenau, Frank"]
[WhiteFideId "1002856"]
[BlackFideId "4604350"]
[WhiteElo "2302"]
[BlackElo "2157"]
[Result "1/2-1/2"]
[Round "8"]
[TimeControl "180+2"]
[Date "2023.06.20"]
[WhiteClock "0:00:23"]
[BlackClock "0:00:18"]
[Board "141"]

1. d4 e6 2. e4 d5 3. Nc3 Nf6 4. Bg5 dxe4 5. Nxe4 Be7 6. Bxf6 gxf6 7. Nf3 f5 8. Ned2 c5 9. Bb5+ Bd7 10. Bxd7+ Qxd7 11. dxc5 Bxc5 12. O-O Nc6 13. Nb3 Qxd1 14. Raxd1 Be7 15. Rfe1 Rd8 16. c3 O-O 17. g3 Kg7 18. Nfd4 Nxd4 19. Rxd4 Bf6 20. Rxd8 Rxd8 21. Kf1 b5 22. Ke2 h5 23. Rd1 Rxd1 24. Kxd1 h4 25. Ke2 Kf8 26. Kd3 hxg3 27. hxg3 Ke7 28. Nd4 a6 29. Nc6+ Kd6 30. Nb4 a5 31. Nc2 Kc5 32. b4+ axb4 33. cxb4+ Kd5 34. Ne3+ Kc6 35. Kc2 Bd4 36. Kb3 Be5 37. a4 bxa4+ 38. Kxa4 f4 39. gxf4 Bxf4 40. Nc4 Bc7 41. b5+ Kc5 42. Nd2 f5 43. Nb3+ Kc4 44. Na5+ Kd3 45. Nc6 f4 46. f3 Ke3 47. Kb4 Kxf3 48. Nd4+ Ke4 49. Nxe6 Bb6 50. Nxf4 Kxf4 51. Kc4 Ke5 52. Kb4 Kd6 53. Kc4 Ke5 54. Kb3 Kd5 55. Ka2 Kc5 56. Kb1 Kxb5 1/2-1/2


[Site "https://www.chess.com"]

[Event "Titled Tuesday Blitz June 20 Early 2023"]
[White "Francisco_Ferrari"]
[Black "Szente Varga, Fruzsina"]
[BlackFideId "712264"]
[WhiteElo "2265"]
[BlackElo "1994"]
[Result "0-1"]
[Round "8"]
[TimeControl "180+2"]
[Date "2023.06.20"]
[WhiteClock "0:00:12"]
[BlackClock "0:00:30"]
[Board "142"]

1. e4 e5 2. Nf3 Nc6 3. Bc4 Nf6 4. d3 Be7 5. O-O O-O 6. c3 d5 7. exd5 Nxd5 8. Re1 Bg4 9. Nbd2 Nf4 10. Ne4 Na5 11. h3 Nxc4 12. Bxf4 Nxb2 13. Qe2 Bxf3 14. gxf3 Nxd3 15. Be3 Nxe1 16. Rxe1 f5 17. Nc5 Bxc5 18. Bxc5 Qg5+ 19. Kh1 Rfe8 20. Qc4+ Kh8 21. Rg1 Qh5 22. Rg3 f4 23. Rg2 Qxh3+ 24. Kg1 Qxf3 25. Qf7 Qd1+ 26. Kh2 Rg8 27. Be7 Qd7 28. Rg5 Raf8 29. Qxf8 Rxf8 30. Bxf8 g6 31. Rxe5 Kg8 32. Bc5 f3 33. Bd4 Qg4 34. Re8+ Kf7 35. Re7+ Kxe7 0-1


[Site "https://www.chess.com"]

[Event "Titled Tuesday Blitz June 20 Early 2023"]
[White "De Souza, Cristiano Gomes"]
[Black "Novikova, Galina"]
[WhiteFideId "2151758"]
[BlackFideId "4157095"]
[WhiteElo "2068"]
[BlackElo "1953"]
[Result "1/2-1/2"]
[Round "8"]
[TimeControl "180+2"]
[Date "2023.06.20"]
[WhiteClock "0:00:09"]
[BlackClock "0:00:03"]
[Board "143"]

1. d4 e6 2. c4 f5 3. Nf3 Nf6 4. g3 Be7 5. Bg2 d6 6. O-O O-O 7. Nc3 Qe8 8. b3 Ne4 9. Bb2 Nd7 10. Nd2 Nxc3 11. Bxc3 e5 12. f3 exd4 13. Bxd4 Bf6 14. Bxf6 Qe3+ 15. Rf2 Nxf6 16. Nf1 Qc5 17. Qd2 Re8 18. Rd1 Bd7 19. Qd4 Qxd4 20. Rxd4 Bc6 21. Nd2 Re3 22. Rd3 Rae8 23. Rxe3 Rxe3 24. Nb1 d5 25. cxd5 Bxd5 26. Kf1 a5 27. Ke1 a4 28. Kd2 axb3 29. axb3 Rxb3 30. Nc3 Bc6 31. Rf1 Ra3 32. Rc1 Ra8 33. Bf1 Rd8+ 34. Ke3 Nd5+ 35. Nxd5 Rxd5 36. Rc3 Kf8 37. f4 Rd6 38. h3 Ke7 39. g4 g6 40. g5 Kd7 41. h4 Kc8 42. Bh3 Bb5 43. Kf2 b6 44. h5 Kb7 45. hxg6 hxg6 46. Bg2+ Bc6 47. Bf3 Bxf3 48. Kxf3 b5 49. e4 fxe4+ 50. Kxe4 Kb6 51. f5 gxf5+ 52. Kxf5 b4 53. Rc1 c5 54. g6 Rd8 55. g7 b3 56. Ke6 Kb5 57. Kf7 c4 58. Re1 b2 59. Re8 Rxe8 60. Kxe8 b1=Q 61. g8=Q Qe1+ 62. Kd8 Qh4+ 63. Kc8 Qh3+ 64. Kb7 Qf3+ 65. Ka7 Qe3+ 66. Kb8 Qe5+ 67. Ka8 Qe4+ 68. Kb8 Qe5+ 69. Ka8 Qc5 70. Qb8+ Qb6 71. Qe5+ Kb4 72. Qb2+ Kc5 73. Qf2+ Kb5 74. Qb2+ Kc6 75. Qf6+ Kc7 76. Qe7+ Kc6 77. Qf6+ Kc5 78. Qf2+ Kb5 79. Qb2+ Kc6 80. Qf6+ 1/2-1/2


[Site "https://www.chess.com"]